 Dungeon Crawl Stone Soup version 0.23-a0-344-ge122d05 (webtiles) character file.

135 Garbasso the Magician (level 5, -3/37 HPs)
             Began as a Gnoll Wizard on Oct 19, 2018.
             Killed from afar by Sigmund (9 damage)
             ... with a magic dart
             ... on level 3 of the Dungeon.
             The game lasted 00:09:42 (3199 turns).

Garbasso the Magician (Gnoll Wizard)                Turns: 3199, Time: 00:09:44

Health: -3/37      AC:  3    Str:  9    XL:     5   Next: 18%
Magic:  0/14       EV: 14    Int: 22    God:
Gold:   136        SH:  0    Dex: 13    Spells: 7/18 levels left

rFire    . . .     SeeInvis .   c - +0 short sword
rCold    + . .     Gourm    .   (no shield)
rNeg     . . .     Faith    .   a - +0 robe
rPois    .         Spirit   .   b - +0 hat
rElec    .         Reflect  .   (no cloak)
rCorr    .         Harm     .   m - +0 pair of gloves
MR       .....                  (no boots)
Stlth    +++.......             (no amulet)
HPRegen  0.12/turn              k - ring of protection from cold
MPRegen  0.14/turn              (no ring)

@: no status effects
A: distributed training, fangs 1, strong nose
a: no special abilities


You were on level 3 of the Dungeon.
You were not hungry.

You visited 1 branch of the dungeon, and saw 3 of its levels.

You collected 136 gold pieces.

Inventory:

Hand Weapons
 c - a +0 short sword (weapon)
Missiles
 h - 3 javelins
 j - 8 needles of confusion
 q - 5 tomahawks (quivered)
Armour
 a - a +0 robe (worn)
 b - a +0 hat (worn)
 m - a +0 pair of gloves (worn)
Jewellery
 k - a ring of protection from cold (left hand)
 u - a +5 ring of intelligence {unknown}
Scrolls
 f - 4 scrolls of fear
 g - a scroll of fog
 i - 2 scrolls of amnesia {unknown}
 l - a scroll of teleportation
 t - a scroll of remove curse {unknown}
 v - a scroll of identify
Potions
 e - a potion of flight {unknown}
 o - a potion of haste {unknown}
 p - a potion of curing
 r - 2 potions of heal wounds
 s - 3 potions of magic {unknown}
 w - a potion of ambrosia {unknown}
Comestibles
 d - 4 rations
 n - 3 chunks of flesh


   Skills:
 + Level 1.3 Fighting
 + Level 1.3 Short Blades
 + Level 1.3 Long Blades
 + Level 1.3 Axes
 + Level 1.3 Maces & Flails
 + Level 1.3 Polearms
 + Level 1.3 Staves
 + Level 1.3 Slings
 + Level 1.3 Bows
 + Level 1.3 Crossbows
 + Level 1.3 Throwing
 + Level 1.3 Armour
 + Level 4.7 Dodging
 + Level 4.3 Stealth
 + Level 1.3 Shields
 + Level 1.3 Unarmed Combat
 + Level 7.2 Spellcasting
 + Level 2.3 Conjurations
 + Level 1.1 Hexes
 + Level 1.1 Charms
 + Level 2.3 Summonings
 + Level 1.1 Necromancy
 + Level 2.3 Translocations
 + Level 1.1 Transmutations
 + Level 1.1 Fire Magic
 + Level 1.1 Ice Magic
 + Level 1.1 Air Magic
 + Level 1.1 Earth Magic
 + Level 1.1 Poison Magic
 + Level 1.5 Invocations
 + Level 1.3 Evocations


You had 7 spell levels left.
You knew the following spells:

 Your Spells              Type           Power        Failure   Level  Hunger
a - Magic Dart            Conj           ###.         3%          1    None
b - Call Imp              Summ           ###.....     4%          2    None
c - Blink                 Tloc           N/A          4%          2    None
d - Conjure Flame         Conj/Fire      ###.....     12%         3    None
e - Mephitic Cloud        Conj/Pois/Air  ##......     13%         3    None

Your spell library contained the following spells:

 Spells                   Type           Power        Failure   Level  Hunger
 Slow                     Hex            ##......     8%          2    None


Dungeon Overview and Level Annotations

Branches:
Dungeon (3/15)

Altars:

Annotations:
D:3 Sigmund


Innate Abilities, Weirdness & Mutations

Your experience applies equally to all skills.
You have very sharp teeth.
Your uncanny sense of smell can sniff out nearby items.


Message History

The puff of flame misses you.
Your crimson imp misses Sigmund.
Your crimson imp hits Sigmund but does no damage.
There is an open door here.
Sigmund is no longer unusually agile.
Sigmund gestures at you while chanting. The magic dart hits you!
* * * LOW HITPOINT WARNING * * *
Your crimson imp blinks!
Your crimson imp closely misses Sigmund.
You close the door.
You start resting.
Sigmund the Dreaded opens the door.
He is wielding a +0 scythe and carrying a Sigmund zaps a wand.
The puff of flame hits you!
Casting: Magic Dart (safe; 3% risk of failure)
Confirm with . or Enter, or press ? or * to list all spells.
A beastly little devil appears in a puff of frigid air.
Sigmund drinks a potion.
Sigmund suddenly seems more agile.
Sigmund points at you and mumbles some strange words.
The magic dart hits you!
You die...

#.# .. #.# #.# #.# ##+## ...
#######.## #####...## #.#
#........# ...#.....## ### #.#
#.###.#.## #........## ##.###.#
#.# #.#.##
##.........####..5##(###.###....#
(..........'@...@................
...........####......###.##...†.#
##...)5...## ##.#.### #.....#.##
#..†....## ###.# ####.####
....#...## #.# #.# ###.##+## #.#
#.# #. #.# #.# . #.# #.# # ..#
#>#


You could see Sigmund and a friendly white imp.

Vanquished Creatures
  Jessica (D:3)
  3 gnolls (D:2)
  3 adders (D:2)
  A dart slug (D:2)
  3 leopard geckos
  2 giant cockroaches
  6 goblins
  3 hobgoblins
  2 jackals (D:2)
  A quokka (D:2)
  A ball python (D:3)
  9 bats
  2 frilled lizards
  5 kobolds
  4 rats
46 creatures vanquished.

Vanquished Creatures (collateral kills)
  A worm (D:3)
  A leopard gecko (D:3)
  4 orcs (D:3)
  A hobgoblin (D:3)
  2 jackals (D:2)
  A kobold (D:2)
  A bat (D:2)
  A frilled lizard (D:3)
  A rat (D:3)
13 creatures vanquished.

Grand Total: 59 creatures vanquished

Notes
Turn   | Place    | Note
-------+----------+-------------------------------------------
     0 | D:1      | Garbasso the Gnoll Wizard began the quest for the Orb.
     0 | D:1      | Reached XP level 1. HP: 13/13 MP: 8/8
   407 | D:1      | Reached XP level 2. HP: 19/19 MP: 8/10
   414 | D:1      | Learned a level 2 spell: Call Imp
   417 | D:1      | Learned a level 2 spell: Blink
  1174 | D:2      | Reached XP level 3. HP: 25/25 MP: 4/11
  1374 | D:2      | Reached skill level 1 in Invocations
  1731 | D:2      | Reached skill level 1 in Fighting
  1731 | D:2      | Reached skill level 1 in Short Blades
  1731 | D:2      | Reached skill level 1 in Long Blades
  1731 | D:2      | Reached skill level 1 in Axes
  1731 | D:2      | Reached skill level 1 in Maces & Flails
  1731 | D:2      | Reached skill level 1 in Polearms
  1731 | D:2      | Reached skill level 1 in Staves
  1731 | D:2      | Reached skill level 1 in Slings
  1731 | D:2      | Reached skill level 1 in Bows
  1731 | D:2      | Reached skill level 1 in Crossbows
  1731 | D:2      | Reached skill level 1 in Throwing
  1731 | D:2      | Reached skill level 1 in Armour
  1731 | D:2      | Reached skill level 1 in Shields
  1731 | D:2      | Reached skill level 1 in Unarmed Combat
  1731 | D:2      | Reached skill level 1 in Evocations
  1906 | D:2      | Reached XP level 4. HP: 32/32 MP: 9/13
  1931 | D:2      | Learned a level 3 spell: Conjure Flame
  1935 | D:2      | Learned a level 3 spell: Mephitic Cloud
  2237 | D:2      | Reached skill level 1 in Hexes
  2237 | D:2      | Reached skill level 1 in Charms
  2237 | D:2      | Reached skill level 1 in Necromancy
  2237 | D:2      | Reached skill level 1 in Transmutations
  2237 | D:2      | Reached skill level 1 in Fire Magic
  2237 | D:2      | Reached skill level 1 in Ice Magic
  2237 | D:2      | Reached skill level 1 in Air Magic
  2237 | D:2      | Reached skill level 1 in Earth Magic
  2237 | D:2      | Reached skill level 1 in Poison Magic
  2816 | D:3      | Reached XP level 5. HP: 37/37 MP: 11/14
  2819 | D:3      | Noticed Jessica
  2830 | D:3      | Killed Jessica
  3161 | D:3      | Noticed Sigmund
  3199 | D:3      | Killed from afar by Sigmund

Vault maps used:
D:1:      evilmike_arrival_run_for_it
D:2:      minmay_wonky_spiral, serial_aquarium, aquarium_bridge_long_separate,
          aquarium_window_1, aquarium_window_corner, aquarium_window_corner,
          aquarium_view_2c, aquarium_balcony_1b
D:3:      grunt_temple_overflow_champion_of_chaos, minmay_misc_feat_chi,
          grunt_ministairs_4, minmay_misc_feat_plants, uniq_jessica,
          uniq_sigmund

Skill      XL: |  1  2  3  4 |
---------------+-------------+-----
Conjurations   | 2 |  2.3
Summonings     | 2 |  2.3
Translocations | 2 |  2.3
Invocations    | 1 |  1.5
Fighting       | 1 |  1.3
Short Blades   | 1 |  1.3
Long Blades    | 1 |  1.3
Axes           | 1 |  1.3
Maces & Flails | 1 |  1.3
Polearms       | 1 |  1.3
Staves         | 1 |  1.3
Slings         | 1 |  1.3
Bows           | 1 |  1.3
Crossbows      | 1 |  1.3
Throwing       | 1 |  1.3
Armour         | 1 |  1.3
Shields        | 1 |  1.3
Unarmed Combat | 1 |  1.3
Evocations     | 1 |  1.3
Hexes          | 1 |  1.1
Charms         | 1 |  1.1
Necromancy     | 1 |  1.1
Transmutations | 1 |  1.1
Fire Magic     | 1 |  1.1
Ice Magic      | 1 |  1.1
Air Magic      | 1 |  1.1
Earth Magic    | 1 |  1.1
Poison Magic   | 1 |  1.1
Dodging        | |  4.7
Stealth        | |  4.3
Spellcasting   | |  7.2

Action                   |  1- 3 |  4- 6 || total
-------------------------+-------+-------++-------
Melee: Unarmed           |     7 |       ||     7
       Short sword       |    65 |    39 ||   104
       Bite              |     6 |     2 ||     8
Throw: Tomahawk          |     6 |     7 ||    13
       Javelin           |       |     3 ||     3
 Cast: Magic Dart        |    29 |     5 ||    34
       Blink             |     1 |       ||     1
       Call Imp          |     3 |    18 ||    21
       Mephitic Cloud    |       |     1 ||     1
  Use: Scroll            |       |     6 ||     6
 Stab: Sleeping          |     6 |     6 ||    12
       Distracted        |       |     1 ||     1
  Eat: Chunk             |     3 |     4 ||     7
Armor: Robe              |    22 |     5 ||    27
Dodge: Dodged            |    79 |    29 ||   108

Table legend:
 A = Non-vault XP
 B = Vault XP
 C = Vault XP percentage of total XP
 D = Non-vault monster count
 E = Vault monster count
 F = Vault count percentage of total count
                 A         B        C        D         E       F
            +---------+---------+-------+---------+---------+-------
      Total |     156 |      37 |  19.2 |      55 |       4 |   6.8
            +---------+---------+-------+---------+---------+-------
        D:1 |      27 |       0 |   0.0 |      18 |       0 |   0.0
        D:2 |     103 |      15 |  12.7 |      22 |       3 |  12.0
        D:3 |      26 |      22 |  45.8 |      15 |       1 |   6.2
            +---------+---------+-------+---------+---------+-------
